AoeStats
← nearwhere

Highland

506670339Analyzed
4v4 RM · 16d ago on Sep 14, 2026· 50m 13s· 8 players
Game mode
Random Map
Map size
Large (8 player)
Population
200
Speed
Normal
Resources
Standard
Victory
Conquest
Starting age
Dark Age
Ending age
Imperial Age
RankedLock teamsTeams togetherTeam positionsShared explorationLock speedFull tech treeHidden civsTurbo modeCheats
Victory
Defeat
🇩🇪 Vikings · Germany
1002
+10
🇩🇪 Saracens · Germany
905
+13
🇩🇪 Celts · Germany
871
+15
🇩🇪 Cumans · Germany
868
+16
🇦🇷 Vietnamese · Argentina
886
-15
🇧🇷 Persians · Brazil
860
-14
🇸🇰 Spanish · Slovakia
846
-13
🇦🇷 Khmer · Argentina
810
-12
mirro99
12:22 Feudal Age
18:04 Castle Age
15:49 Horse Collar
16:16 Double-Bit Axe
20:42 Loom
23:07 Town Watch
25:32 Wheelbarrow
26:36 Heavy Plow
26:48 Bow Saw
28:49 Fortified Wall
28:38 Murder Holes
29:00 Hand Cart
28:45 Town Patrol
32:36 Gold Mining
32:38 Stone Mining
37:22 Imperial Age
35:19 Ballistics
35:10 Masonry
36:18 Forging
36:40 Coinage
36:11 Caravan
37:27 Stone Shaft Mining
37:12 Scale Barding Armor
37:42 Iron Casting
38:15 Chain Barding Armor
38:57 Conscription
38:41 Husbandry
38:51 Bloodlines
38:07 Cavalier
39:26 Banking
39:06 Guilds
40:44 Blast Furnace
39:24 Paladin
42:08 Plate Barding Armor
Mineirinha
3:28 Loom
11:45 Feudal Age
20:30 Castle Age
18:59 Double-Bit Axe
19:38 Horse Collar
25:24 Forging
25:26 Scale Barding Armor
28:53 Husbandry
30:48 Stone Mining
32:35 Stone Shaft Mining
31:51 Gold Mining
40:48 Heavy Plow
40:38 Pikeman
42:01 Scale Mail Armor
42:37 Iron Casting
43:45 Squires
44:41 Chain Mail Armor
45:05 Chain Barding Armor
AlandorH
11:18 Feudal Age
9:33 Loom
12:14 Double-Bit Axe
21:37 Castle Age
19:38 Stone Mining
21:56 Horse Collar
22:45 Bow Saw
24:46 Wheelbarrow
27:09 Husbandry
27:19 Bloodlines
28:50 Gold Mining
29:47 Stone Shaft Mining
29:20 Town Watch
30:54 Gold Shaft Mining
31:16 Fervor
32:36 Scale Barding Armor
32:22 Fletching
36:03 Imperial Age
34:09 Caravan
35:01 Ballistics
34:52 Masonry
35:00 Heavy Plow
35:24 Chain Barding Armor
37:05 Fletching
37:52 Plate Barding Armor
38:03 Conscription
37:45 Double Crossbow
38:45 Architecture
39:16 Chemistry
38:22 Cavalier
39:24 Forging
39:10 Bodkin Arrow
40:44 Iron Casting
42:56 Blast Furnace
PNAL | Mark Max 77
11:00 Feudal Age
9:16 Loom
13:36 Wheelbarrow
13:05 Double-Bit Axe
13:02 Horse Collar
20:09 Castle Age
21:50 Hand Cart
24:01 Scale Mail Armor
25:29 Squires
26:11 Bow Saw
26:09 Heavy Plow
27:49 Arson
38:31 Chain Mail Armor
38:27 Forging
38:09 Fletching
42:28 Imperial Age
42:54 Bodkin Arrow
43:04 Pikeman
45:31 Halberdier
ff167317
3:49 Loom
10:12 Feudal Age
10:38 Double-Bit Axe
14:56 Castle Age
15:58 Bow Saw
18:13 Stone Mining
20:09 Gold Mining
22:52 Wheelbarrow
22:04 Town Watch
24:39 Hand Cart
30:41 Imperial Age
28:21 Scale Barding Armor
28:44 Forging
29:36 Chain Barding Armor
30:29 Iron Casting
30:35 Fletching
30:32 Treadmill Crane
31:22 Bloodlines
31:12 Husbandry
30:57 Elite Mameluke
31:57 Conscription
31:01 Elite Skirmisher
31:47 Squires
32:35 Plate Barding Armor
33:35 Gold Shaft Mining
34:11 Two-Man Saw
35:33 Blast Furnace
34:24 Fletching
37:07 Bodkin Arrow
37:13 Scale Mail Armor
37:14 Padded Archer Armor
37:54 Bracer
39:14 Chain Mail Armor
39:45 Leather Archer Armor
39:40 Siege Engineers
39:56 Ballistics
40:37 Chemistry
39:47 Masonry
39:48 Fortified Wall
41:16 Plate Mail Armor
44:28 Counterweights
50:52 Ring Archer Armor
nearwhere
11:20 Feudal Age
13:17 Horse Collar
18:26 Castle Age
18:25 Double-Bit Axe
18:49 Fletching
19:07 Gold Mining
19:58 Crossbowman
22:08 Padded Archer Armor
27:14 Town Watch
28:03 Heavy Plow
30:10 Bow Saw
37:42 Imperial Age
35:12 Pikeman
36:07 Scale Mail Armor
36:17 Forging
38:48 Capped Ram
39:30 Loom
40:06 Chain Mail Armor
40:27 Iron Casting
40:23 Squires
40:19 Siege Ram
42:24 Two-Man Saw
41:56 Crop Rotation
42:31 Arson
43:20 Plate Mail Armor
43:50 Blast Furnace
43:13 Caravan
46:44 Elite Berserk
47:47 Conscription
madmax
0:28 Loom
13:02 Feudal Age
13:36 Double-Bit Axe
14:27 Horse Collar
15:48 Wheelbarrow
17:42 Stone Mining
17:47 Gold Mining
21:49 Scale Barding Armor
21:55 Forging
26:35 Castle Age
24:50 Fletching
28:37 Chain Barding Armor
28:53 Iron Casting
28:31 Bloodlines
27:42 Light Cavalry
28:44 Bow Saw
28:37 Heavy Plow
29:09 Caravan
30:14 Gold Shaft Mining
29:41 Steppe Husbandry
30:10 Bodkin Arrow
31:36 Hand Cart
36:49 Imperial Age
36:55 Elite Steppe Lancer
38:13 Plate Barding Armor
38:39 Blast Furnace
38:12 Crop Rotation
38:47 Two-Man Saw
38:10 Conscription
37:36 Capped Ram
39:27 Hoardings
38:53 Murder Holes
39:19 Ballistics
39:59 Chemistry
39:11 Masonry
38:58 Siege Ram
40:18 Guilds
42:28 Hussar
baeda-frank-tsg
0:31 Loom
12:29 Feudal Age
15:34 Double-Bit Axe
20:14 Castle Age
18:38 Horse Collar
20:15 Gold Mining
20:23 Stone Mining
21:34 Wheelbarrow
21:27 Bow Saw
25:54 Hand Cart
27:39 Caravan
29:01 Heavy Plow
28:58 Fletching
33:18 Imperial Age
30:53 Town Watch
31:03 Pikeman
31:48 Scale Mail Armor
33:11 Forging
33:57 Gold Shaft Mining
33:45 Chain Mail Armor
33:26 Bodkin Arrow
33:32 Padded Archer Armor
34:56 Furor Celtica
35:24 Halberdier
36:52 Plate Mail Armor
37:05 Iron Casting
37:13 Conscription
37:51 Siege Engineers
38:15 Heavy Scorpion
41:03 Blast Furnace
40:46 Stone Shaft Mining
40:39 Ballistics
41:22 Chemistry
40:42 Fortified Wall
40:42 Capped Ram
41:23 Onager
42:58 Siege Onager
44:23 Siege Ram
47:40 Elite Woad Raider
Connection lost

Rejoining the realm…

Still unreachable

The connection could not be restored.

Session expired

The server has moved on; the page needs a fresh start.